 Dungeon Crawl Stone Soup version 0.29.1-1-gd02db6906a (webtiles) character file.

Game seed: 11078411838690983024

95 sankara the Ruffian (level 4, -3/38 HPs)
             Began as a Minotaur Gladiator on Oct 20, 2022.
             Slain by a gnoll
             ... wielding a +0 spear
              (5 damage)
             ... on level 2 of the Dungeon.
             The game lasted 00:01:40 (1359 turns).

sankara the Ruffian (Minotaur Gladiator)            Turns: 1359, Time: 00:01:41

Health: -3/38      AC:  5    Str: 19    XL:     4   Next: 40%
Magic:  3/3        EV: 12    Int:  5    God:
Gold:   140        SH:  0    Dex: 13    Spells: 3/3 levels left

rFire   . . .      SeeInvis .     - Unarmed
rCold   . . .      Faith    .   (no shield)
rNeg    . . .      Spirit   .   m - +0 ring mail
rPois   .          Reflect  .   b - +0 hat
rElec   .          Harm     .   (no cloak)
rCorr   .          Rampage  .   (no gloves)
Will    .....                   (no boots)
Stlth   +.........              (no amulet)
HPRegen 0.12/turn               (no ring)
MPRegen 0.08/turn               (no ring)

@: no status effects
A: horns 2, retaliatory headbutt
a: no special abilities


You were on level 2 of the Dungeon.
You visited 1 branch of the dungeon, and saw 2 of its levels.

You collected 140 gold pieces.

Inventory:

Missiles
 c - 3 throwing nets (quivered)
 d - a javelin
 h - 13 stones
Armour
 b - a +0 hat (worn)
 m - a +0 ring mail (worn)
Jewellery
 a - an amulet of regeneration
Scrolls
 e - a scroll of blinking {unknown}
 i - a scroll of poison {unknown}
 j - 3 scrolls of identify {unknown}
 k - a scroll of vulnerability {unknown}
 l - a scroll of amnesia {unknown}
Potions
 f - 2 potions of curing {unknown}
 g - a potion of resistance {unknown}
 n - a potion of might {unknown}
 o - a potion of cancellation {unknown}


   Skills:
 + Level 3.4 Fighting
 - Level 2.0 Throwing
 + Level 2.3 Armour
 - Level 3.2 Dodging
 * Level 4.7 Unarmed Combat


You had 3 spell levels left.
You didn't know any spells.
Your spell library contained the following spells:

 Spells                   Type           Power      Damage    Failure   Level
 Ensorcelled Hibernation  Hex/Ice        0%         N/A       80%         2
 Spider Form              Tmut/Pois      0%         N/A       95%         3
 Anguish                  Hex/Necr       0%         N/A       100%        4


Dungeon Overview and Level Annotations

Branches:
Dungeon (2/15)

Altars:


Innate Abilities, Weirdness & Mutations

You have a pair of horns on your head.
You reflexively headbutt those who attack you in melee.


Message History

The gnoll is almost dead.
The gnoll hits you from afar with a +0 spear.
The gnoll hits you with a +0 whip!
There are monsters nearby!
You are too injured to fight recklessly!
You are too injured to fight recklessly!
You are too injured to fight recklessly!
You barely miss the gnoll.
The gnoll is almost dead.
The gnoll hits you from afar with a +0 spear.
The gnoll hits you but does no damage.
You hit the gnoll but do no damage.
The gnoll is almost dead.
The gnoll hits you from afar with a +0 spear!
* * * LOW HITPOINT WARNING * * *
The gnoll closely misses you.
You hit the gnoll.
You kill the gnoll!
The gnoll throws a stone.
The stone hits you.
* * * LOW HITPOINT WARNING * * *
You hit the gnoll. Your headbutt misses the gnoll.
The gnoll is heavily wounded.
The gnoll hits you from afar with a +0 spear.
* * * LOW HITPOINT WARNING * * *
The gnoll hits you but does no damage.
You hit the gnoll. Your headbutt misses the gnoll.
The gnoll is severely wounded.
The gnoll misses you. The gnoll barely misses you.
You hit the gnoll.
The gnoll is almost dead.
The gnoll completely misses you. The gnoll barely misses you.
You punch the gnoll!
You kill the gnoll!
The gnoll barely misses you. The gnoll barely misses you.
Items here: )) †††.
You hit the gnoll.
The gnoll is moderately wounded.
The gnoll hits you with a +0 spear.
You die...

......####...#####.#
......##......^..#.#
..........######.#.#
.......##.# #.#.#
#####.###.######.#.#
##.# #....).....# #
#..# ########.###
####.## #.# .....#
#@# .##### #...g...#
.# #.......# ##
#.......# #.......#
'.......# .#.......#
..#####.###


You could see a gnoll.

Vanquished Creatures
  Natasha (D:2)
  2 gnolls (D:2)
  3 dart slugs
  6 endoplasms
  3 giant cockroaches (D:1)
  6 goblins
  5 hobgoblins
  4 ball pythons
  3 bats (D:1)
  2 kobolds
  8 rats
43 creatures vanquished.

Vanquished Creatures (others)
  A fungus (D:2)
  A plant (D:2)
2 creatures vanquished.

Grand Total: 45 creatures vanquished

Notes
Turn   | Place    | Note
-------+----------+-------------------------------------------
     0 | D:1      | sankara the Minotaur Gladiator began the quest for the Orb.
     0 | D:1      | Reached XP level 1. HP: 18/18 MP: 0/0
   118 | D:1      | Reached XP level 2. HP: 20/25 MP: 1/1
   180 | D:1      | Reached skill level 1 in Armour
   341 | D:1      | Reached skill level 4 in Unarmed Combat
   494 | D:1      | Reached XP level 3. HP: 29/31 MP: 2/2
   897 | D:2      | Noticed Natasha
   903 | D:2      | Killed Natasha
  1076 | D:2      | Found a faded altar of an unknown god.
  1191 | D:2      | Reached XP level 4. HP: 36/38 MP: 3/3
  1359 | D:2      | Slain by a gnoll

Illustrated notes

Levels and vault maps discovered:
D:1:      wander_arrival_peaceful_grave, layout_basic, minmay_domino_4
D:2:      layout_basic, shapermc_ecumenical_altar_acropolis,
          kennysheep_crisscross, uniq_natasha

Skill      XL: |  1  2  3 |
---------------+----------+-----
Armour         | 1 2 |  2.3
Unarmed Combat | 4 |  4.7
Fighting       | 3 |  3.4
Throwing       | |  2.0
Dodging        | |  3.2

Action                   |  1- 3 |  4- 6 || total
-------------------------+-------+-------++-------
Melee: Unarmed           |    61 |    16 ||    77
       Headbutt          |     8 |     3 ||    11
       Punch             |     2 |     1 ||     3
Armor: Leather armour    |    12 |       ||    12
       Ring mail         |     1 |     3 ||     4
Dodge: Dodged            |    40 |    11 ||    51
